 Dungeon Crawl Stone Soup version 0.17.1-1-g73c8601 (webtiles) character file.

269 Runnr the Grave Robber (level 6, 0/46 HPs)
             Began as a Human Necromancer on Dec 20, 2015.
             Slain by an orc
             ... wielding a +0 morningstar
              (13 damage)
             ... on level 4 of the Dungeon on Dec 26, 2015.
             The game lasted 00:16:45 (4181 turns).

Runnr the Grave Robber (Human Necromancer)          Turns: 4181, Time: 00:16:45

Health: 0/46       AC:  2    Str:  9    XL:     6   Next: 46%
Magic:  2/11       EV: 12    Int: 20    God:
Gold:   121        SH:  0    Dex: 13    Spells: 4 memorised, 3 levels left

rFire  . . .     SeeInvis .     s - +1 spear
rCold  . . .     Clarity  .     a - +0 robe
rNeg   . . .     SustAt   .     (no shield)
rPois  .         Gourm    .     (no helmet)
rElec  .         Spirit   .     (no cloak)
rCorr  .         Warding  .     (no gloves)
rMut   .         Stasis   .     (no boots)
MR     +....                    (no amulet)
Stlth  +.........               r - ring of protection from magic
                                l - +3 ring of intelligence

@: regenerating, heavily drained, somewhat resistant to hostile enchantments,
very unstealthy
A: no striking features
a: no special abilities


You were on level 4 of the Dungeon.
You were not hungry.

You visited 1 branch of the dungeon, and saw 5 of its levels.

You collected 121 gold pieces.

Inventory:

Hand Weapons
 s - a +1 spear (weapon)
 t - a +0 blowgun
Missiles
 u - 25 poisoned needles
Armour
 a - a +0 robe (worn)
Jewellery
 l - a +3 ring of intelligence (left hand)
 r - a ring of protection from magic (right hand)
Wands
 y - a wand of random effects (29)
Scrolls
 d - a scroll of teleportation
 m - a scroll of enchant weapon
 w - a scroll of remove curse
Potions
 e - a potion of lignification {unknown}
 h - a potion of haste {unknown}
 i - a potion of mutation {unknown}
 n - a potion of heal wounds {unknown}
 q - a potion of resistance {unknown}
 x - a potion of curing {unknown}
 z - a potion of brilliance {unknown}
Books
 b - a book of Necromancy

   Spells                             Type                      Level
   a - Pain                           Necromancy                   1
   b - Animate Skeleton               Necromancy                   1
   c - Vampiric Draining              Necromancy                   3
   d - Regeneration                   Charms/Necromancy            3
   e - Animate Dead                   Necromancy                   4
   f - Control Undead                 Necromancy                   4
Comestibles
 c - 3 bread rations
 g - 4 meat rations


   Skills:
 + Level 2.6(0.9) Fighting
 + Level 3.4(1.6) Dodging
 - Level 2.0(0.3) Stealth
 + Level 3.4(1.6) Spellcasting
 + Level 5.0(3.2) Necromancy


You had 3 spell levels left.
You knew the following spells:

 Your Spells              Type           Power        Failure   Level  Hunger
a - Pain                  Necr           ##..         4%          1    #......
r - Regeneration          Chrm/Necr      #.........   24%         3    ###....
s - Animate Skeleton      Necr           N/A          4%          1    #......
v - Vampiric Draining     Necr           ##........   14%         3    ###....


Dungeon Overview and Level Annotations

Branches:
Dungeon (5/15)
 Temple: D:4-7

Altars:
Dithmenos
Gozag
Zin

Annotations:
D:3 Purgy, Terence
D:4 Dickchan's ghost, amateur CeHu


Message History

There is a stone staircase leading up here.
You climb upwards.
Level annotation: Dickchan's ghost, amateur CeHu The orc hits you but does no damage.
The orc closely misses you. The orc barely misses you.
There is a stone staircase leading down here.
Casting: Pain
Confirm with . or Enter, or press ? or * to list all spells.
Aiming: Pain
Press: ? - help, Shift-Dir - straight line, f - orc
Aim: an orc, wielding a hand axe (chance to defeat MR: 92%)
Okay, then.
Casting: Pain
Confirm with . or Enter, or press ? or * to list all spells.
Your skin crawls.
The orc closely misses you. The orc hits you with a hand axe!
* * * LOW HITPOINT WARNING * * *
You hit the orc.
The orc is heavily wounded.
The orc hits you with a morningstar!
You die...

...........o.....###.#***,**
#
.).........<.........#,,,,,*
#
.................#####,,,,,*
# ..............o=.# *,,,,,*
# .....#.###.#.##..# *,,,,,*
# ##.#.#+#*#.#.##..# *,,,,,*
# *,*,,,,*#,#.*#..# *,,,,,*
# *,*,,,,**,#.###o# *,,,,,*
# *,*,,,,,,,#...o@# *,,,,,*
# *,,,,,,,......### *,,,,,*
# *,,,,,,,......* *,,..,* #
*,,,,,,,.....,* ***#'#*
*,,,,,,,.....,* ####.#######
*,,,,,,,....,,* #...........
*,,,,,,,....,,* #...........
*,,,,,,,,,,,,,* #...........
**,,,,,,,,,,,,,*
#......?....


You could see 3 orcs.

Vanquished Creatures
  A centaur skeleton (D:3)
  A hound (D:4)
  Jessica (D:3)
  A worker ant (D:4)
  4 adders
  4 gnolls
  2 oozes
  3 orcs
  6 bats
  2 giant cockroaches (D:1)
  2 hobgoblins
  6 jackals
  2 quokkas
  3 giant geckos
  4 giant newts
  4 goblins
  6 kobolds
  22 rats
74 creatures vanquished.

Vanquished Creatures (collateral kills)
  A worker ant (D:4)
  An adder skeleton (D:4)
2 creatures vanquished.

Grand Total: 76 creatures vanquished

Notes
Turn   | Place    | Note
--------------------------------------------------------------
     0 | D:1      | Runnr the Human Necromancer began the quest for the Orb.
     0 | D:1      | Reached XP level 1. HP: 13/13 MP: 3/3
   143 | D:1      | Reached XP level 2. HP: 4/20 MP: 0/5
   662 | D:1      | Reached skill level 1 in Fighting
   719 | D:1      | Reached XP level 3. HP: 23/26 MP: 3/6
  1393 | D:2      | Learned a level 1 spell: Animate Skeleton
  1397 | D:2      | Learned a level 3 spell: Vampiric Draining
  1980 | D:2      | Found an opulent altar of Gozag.
  1981 | D:2      | Found a glowing silver altar of Zin.
  2067 | D:3      | Noticed Jessica
  2085 | D:3      | Reached XP level 4. HP: 22/32 MP: 2/8
  2244 | D:3      | Noticed Terence
  2337 | D:3      | Learned a level 3 spell: Regeneration
  2391 | D:3      | Noticed Purgy
  2611 | D:3      | Found a shadowy altar of Dithmenos.
  2907 | D:3      | Killed Jessica
  2907 | D:3      | Reached XP level 5. HP: 36/38 MP: 7/9
  2945 | D:3      | Your ally Jessica died
  3267 | D:4      | Reached XP level 6. HP: 31/45 MP: 6/11
  3420 | D:4      | Reached skill level 5 in Necromancy
  3603 | D:4      | Noticed Dickchan's ghost (amateur CeHu)
  3795 | D:5      | Entered Level 5 of the Dungeon
  4084 | D:5      | Learned a level 3 spell: Regeneration
  4181 | D:4      | Slain by an orc

Action                   |  1- 3 |  4- 6 || total
-------------------------+-------+-------++-------
Melee: Spear             |       |   121 ||   121
 Cast: Pain              |    70 |    31 ||   101
       Animate Skeleton  |       |    14 ||    14
       Regeneration      |       |     4 ||     4
       Vampiric Draining |       |     3 ||     3
  Use: Scroll            |       |     8 ||     8
 Stab: Sleeping          |       |     4 ||     4
  Eat: Chunk             |     3 |     6 ||     9
       Meat ration       |       |     1 ||     1
